 Dungeon Sprint DCSS version 0.27-a0-216-g1fbed8a51c (webtiles) character file.

Game seed: 13485880048653333822

23444 mhtbhm the Ninja (level 12, 0/66 HPs)
             Began as a Spriggan Brigand on Jan 31, 2021.
             Was the Champion of Dithmenos.
             Slain by a spriggan berserker
             ... wielding a +0 quarterstaff
              (26 damage)
             ... in the Dungeon (Sprint IV: "Fedhas' Mad Dash").
             The game lasted 00:08:33 (2567 turns).

mhtbhm the Ninja (Spriggan Brigand)                 Turns: 2567, Time: 00:08:33

Health: 0/66       AC:  3    Str:  7    XL:     12   Next: 71%
Magic:  19/19      EV: 24    Int: 10    God:    Dithmenos [******]
Gold:   260        SH:  0    Dex: 21    Spells: 11/11 levels left

rFire    . . .     SeeInvis +   a - +2 short sword (speed)
rCold    . . .     Faith    .   (shield restricted)
rNeg     . . .     Spirit   .   b - +0 robe
rPois    .         Reflect  .   (helmet restricted)
rElec    .         Harm     .   c - +0 cloak
rCorr    .         Rampage  .   (gloves unavailable)
Will     ++...     NoTele   +   (boots unavailable) Stlth ********++
                                l - amulet of invisibility {+Inv}
HPRegen  0.21/turn              j - -4 ring of intelligence (curse)
MPRegen  0.16/turn              (no ring)

@: wreathed by umbra, very quick
A: very small, unfitting armour, see invisible, speed 3
a: Renounce Religion, Evoke Invisibility, Shadow Step, Shadow Form


You were in the Dungeon.
You worshipped Dithmenos.
Dithmenos was exalted by your worship.
You visited 1 branch You collected 451 gold pieces.
You spent 191 gold pieces at shops.

Inventory:

Hand Weapons
 a - a +2 short sword of speed (weapon)
Missiles
 d - 5 poisoned darts (quivered)
Armour
 b - a +0 robe (worn)
 c - a +0 cloak (worn)
Jewellery
 j - a cursed -4 ring of intelligence (left hand)
 l - the amulet of invisibility (around neck) {+Inv}
   (You found it in the Dungeon)

   [amulet of nothing]

   It lets you turn invisible.
 q - the amulet "Qucvamoz" {Reflect rF- Int+8 SH+5}
   (You found it in the Dungeon)

   [amulet of reflection]

   It shields you and reflects attacks.
   It affects your intelligence (+8).
   It makes you vulnerable to fire.
   It affects your SH (+5).
Potions
 f - 2 potions of curing
 g - a potion of heal wounds
 h - a potion of might
 i - 2 potions of magic
 o - a potion of cancellation {unknown}
Miscellaneous
 p - a box of beasts (inert)


   Skills:
 + Level 9.3 Fighting
 + Level 14.4 Short Blades
 + Level 6.9 Throwing
 + Level 7.4 Dodging
 O Level 27 Stealth
 + Level 8.4 Invocations
 + Level 21.1 Evocations


You had 11 spell levels left.
You didn't know any spells.
Your spell library contained the following spells:

 Spells                   Type           Power        Failure   Level
 Animate Skeleton         Necr           0%           36%         1
 Apportation              Tloc           0%           36%         1
 Corona                   Hex            0%           36%         1
 Summon Small Mammal      Summ           0%           36%         1
 Call Imp                 Summ           0%           50%         2
 Call Canine Familiar     Summ           0%           75%         3
 Summon Guardian Golem    Hex/Summ       0%           75%         3
 Summon Ice Beast         Ice/Summ       0%           98%         4
 Summon Lightning Spire   Summ/Air       0%           98%         4


Dungeon Overview and Level Annotations

Branches:
Dungeon (1/1)

Altars:
Cheibriados
Dithmenos
Elyvilon
Gozag
Hepliaklqana
Kikubaaqudgha
Makhleb
Nemelex Xobeh
Okawaru
Qazlal
Ru
Sif Muna
Trog
Uskayaw
Vehumet
Wu Jian
Xom
Yredelemnul
Zin
The Shining One
Beogh
Jiyva
Lugonu

Shops:
D *}[=!(!:*[=[([?*(*!:*


Innate Abilities, Weirdness & Mutations

You are very small and have problems with some larger weapons.
You are too small for most types of armour.
You have supernaturally acute eyesight. (SInv)
You cover ground extremely quickly.


Message History

Unknown command.
You hit the spriggan berserker.
The spriggan berserker is moderately wounded.
The spriggan berserker closely misses you.
You miss the spriggan berserker.
The spriggan berserker is moderately wounded.
You closely miss the spriggan berserker.
The spriggan berserker is moderately wounded.
You hit the spriggan berserker but do no damage.
The spriggan berserker is moderately wounded.
The spriggan berserker mumbles some strange prayers to Trog.
The spriggan berserker goes berserk!
Okay, then.
The spriggan berserker misses you.
The polar bear disappears in a puff of smoke!
The spriggan berserker hits you with a +0 quarterstaff!!
There is an open door here.
The spriggan berserker rages.
The spriggan berserker hits you with a +0 quarterstaff!!
You die...

#......♣.....#...##############
#††...♣..♣..######♣♣♣♣♣..♣.###.
##'####'######..'......♣..♣##..
#..#....'.......#♣..♣♣♣.♣).###.
#..#.)###.......#.♣♣.[♣...♣'...
###############################
#......................# ###.
#∩†..................P.#####.).
#∩†..........i@.....)P.........
#∩†..................P...######
###########'############## ####
#..........# ###..#####...
#.......P..# #.)..'.......
###.P....### #....#####P..
###...## ##....# ####
#....####.§§§.#####∩∩∩
#.......§§§§§.'....∩.∩


You could see a spriggan berserker (berserk, regenerating, strong-willed, very
poisoned).

Vanquished Creatures
  Agnes (D)
  A ghost moth (D)
  3 spriggan defenders (D)
  2 spriggan berserkers (D)
  3 spriggan druids (D)
  23 oklob plants (D)
  3 demonic crawlers (D)
  3 wandering mushrooms (D)
  A queen bee (D)
  3 burning bushes (D)
  6 hornets (D)
  8 spriggans (D)
  2 scorpions (D)
  4 killer bees (D)
  5 oklob saplings (D)
  2 worker ants (D)
  A river rat (D)
  A rat (D)
  A ballistomycete spore (D)
73 creatures vanquished.

Vanquished Creatures (collateral kills)
  A spriggan berserker (D)
1 creature vanquished.

Vanquished Creatures (others)
  A ballistomycete spore (D)
  2 fungi (D)
3 creatures vanquished.

Grand Total: 77 creatures vanquished

Notes
Turn   | Place    | Note
-------+----------+-------------------------------------------
     0 | D        | mhtbhm the Spriggan Brigand began the quest for the Orb.
     0 | D        | Reached XP level 1. HP: 10/10 MP: 2/2
    11 | D        | Reached skill level 8 in Stealth
    11 | D        | Reached XP level 2. HP: 10/15 MP: 3/3
   258 | D        | Noticed an oklob sapling
   259 | D        | Killed an oklob sapling
   260 | D        | Reached skill level 10 in Stealth
   260 | D        | Reached XP level 3. HP: 18/18 MP: 4/4
   262 | D        | Found the amulet of invisibility {+Inv}
   264 | D        | Reached skill level 11 in Stealth
   291 | D        | Found an opulent altar of Gozag.
   291 | D        | Found a hazy altar of Hepliaklqana.
   291 | D        | Found a burning altar of Makhleb.
   291 | D        | Found a roughly hewn altar of Beogh.
   291 | D        | Found a sparkling altar of Nemelex Xobeh.
   291 | D        | Found a snail-covered altar of Cheibriados.
   291 | D        | Found a sacrificial altar of Ru.
   291 | D        | Found a shimmering blue altar of Sif Muna.
   291 | D        | Found a shimmering altar of Xom.
   291 | D        | Found a basalt altar of Yredelemnul.
   292 | D        | Found a viscous altar of Jiyva.
   292 | D        | Found a bloodstained altar of Trog.
   292 | D        | Found an ornate altar of the Wu Jian Council.
   292 | D        | Noticed an oklob sapling priest
   293 | D        | Found an iron altar of Okawaru.
   293 | D        | Found a shadowy altar of Dithmenos.
   293 | D        | Found a glowing silver altar of Zin.
   294 | D        | Found an ancient bone altar of Kikubaaqudgha.
   294 | D        | Found a hide-covered altar of Uskayaw.
   295 | D        | Found a stormy altar of Qazlal.
   295 | D        | Found a white marble altar of Elyvilon.
   295 | D        | Found a glowing golden altar of the Shining One.
   296 | D        | Found a corrupted altar of Lugonu.
   296 | D        | Found a radiant altar of Vehumet.
   299 | D        | Killed an oklob sapling priest
   300 | D        | Reached skill level 12 in Stealth
   300 | D        | Reached skill level 1 in Evocations
   300 | D        | Reached XP level 4. HP: 23/23 MP: 2/5
   302 | D        | Became a worshipper of Dithmenos the Shadowed
   312 | D        | Reached skill level 13 in Stealth
   312 | D        | Reached XP level 5. HP: 28/28 MP: 3/6
   352 | D        | Reached skill level 14 in Stealth
   365 | D        | Noticed a queen bee
   372 | D        | Killed a queen bee
   372 | D        | Reached * piety under Dithmenos
   373 | D        | Reached skill level 5 in Short Blades
   373 | D        | Reached skill level 17 in Stealth
   373 | D        | Reached XP level 6. HP: 33/33 MP: 4/7
   375 | D        | Reached skill level 18 in Stealth
   376 | D        | Reached ** piety under Dithmenos
   377 | D        | Reached XP level 7. HP: 37/37 MP: 5/8
   379 | D        | Noticed an oklob plant
   382 | D        | Killed an oklob plant
   383 | D        | Reached skill level 5 in Throwing
   383 | D        | Reached skill level 20 in Stealth
   383 | D        | Reached skill level 5 in Evocations
   431 | D        | Noticed a burning bush
   434 | D        | Killed a burning bush
   435 | D        | Reached skill level 21 in Stealth
   435 | D        | Reached XP level 8. HP: 42/42 MP: 9/9
   444 | D        | Noticed a burning bush
   444 | D        | Noticed an oklob plant
   445 | D        | Noticed a wandering mushroom
   446 | D        | Killed a burning bush
   446 | D        | Reached *** piety under Dithmenos
   451 | D        | Killed an oklob plant
   452 | D        | Reached skill level 22 in Stealth
   455 | D        | Killed a wandering mushroom
   456 | D        | Reached skill level 23 in Stealth
   456 | D        | Reached XP level 9. HP: 46/46 MP: 8/10
   468 | D        | Noticed a spriggan druid
   469 | D        | Killed a spriggan druid
   469 | D        | Reached **** piety under Dithmenos
   470 | D        | Reached skill level 5 in Fighting
   470 | D        | Reached skill level 24 in Stealth
   486 | D        | Noticed an oklob plant conjurer
   487 | D        | Killed an oklob plant conjurer
   697 | D        | Noticed an oklob plant
   697 | D        | Noticed an oklob plant summoner
   698 | D        | Noticed an oklob plant shifter
   702 | D        | Killed an oklob plant
   703 | D        | Reached skill level 25 in Stealth
   704 | D        | Killed an oklob plant summoner
   707 | D        | Killed an oklob plant shifter
   714 | D        | Noticed a demonic crawler
   716 | D        | Killed a demonic crawler
   716 | D        | Reached ***** piety under Dithmenos
   717 | D        | Reached skill level 10 in Evocations
   717 | D        | Reached XP level 10. HP: 51/51 MP: 9/11
   880 | D        | Noticed a spriggan rider
   881 | D        | Found Ceruommoch's Assorted Antiques.
   881 | D        | Found Kamu's Book Emporium.
   883 | D        | Reached skill level 26 in Stealth
   907 | D        | Killed a spriggan rider
  1232 | D        | Found Kais's Magic Scroll Shop.
  1232 | D        | Found Ugaife's Antique Armour Emporium.
  1239 | D        | Reached skill level 27 in Stealth
  1242 | D        | Reached skill level 1 in Invocations
  1248 | D        | Found Tumuv's Distillery.
  1248 | D        | Found Beuthrerph's Assorted Antiques.
  1363 | D        | Noticed Agnes
  1364 | D        | Found Xadez's Assorted Antiques.
  1364 | D        | Found Nuuriaso's Weapon Shoppe.
  1365 | D        | Killed Agnes
  1366 | D        | Reached skill level 5 in Dodging
  1404 | D        | Noticed a spriggan defender
  1407 | D        | Killed a spriggan defender
  1408 | D        | Reached skill level 10 in Short Blades
  1408 | D        | Reached XP level 11. HP: 54/58 MP: 8/14
  1456 | D        | Noticed a spriggan berserker
  1458 | D        | Killed a spriggan berserker
  1461 | D        | Noticed a spriggan rider
  1464 | D        | Killed a spriggan rider
  1464 | D        | Reached ****** piety under Dithmenos
  1465 | D        | Reached skill level 15 in Evocations
  1565 | D        | Noticed a ghost moth
  1566 | D        | Found Oraom's General Store.
  1566 | D        | Found Uzaherch's Gadget Boutique.
  1566 | D        | Found Fuoref's Armour Emporium.
  1569 | D        | Killed a ghost moth
  1629 | D        | Noticed an oklob plant shifter
  1629 | D        | Noticed an oklob plant meteorologist
  1633 | D        | Killed an oklob plant meteorologist
  1641 | D        | Killed an oklob plant shifter
  1729 | D        | Noticed a spriggan rider
  1731 | D        | Killed a spriggan rider
  1732 | D        | Reached skill level 5 in Invocations
  1937 | D        | Found Zasugeir's Distillery.
  1937 | D        | Found Niodi's Weapon Boutique.
  1937 | D        | Found Zacep's Jewellery Shop.
  1937 | D        | Found Afayt Nula's Book Emporium.
  1937 | D        | Found Zytabu's Distillery.
  1938 | D        | Found Boucokk's Armour Emporium.
  1938 | D        | Found Docsaav's Jewellery Shop.
  1938 | D        | Found Sipla Enyecs's General Store.
  1969 | D        | Noticed an oklob plant summoner
  1970 | D        | Found Onats's Armour Emporium.
  1970 | D        | Found Yxkoix's Weapon Shop.
  1971 | D        | Killed an oklob plant summoner
  1975 | D        | Noticed an oklob plant demonologist
  1975 | D        | Noticed an oklob plant annihilator
  1976 | D        | Noticed a spriggan berserker
  1977 | D        | Killed an oklob plant demonologist
  1978 | D        | Killed a spriggan berserker
  1979 | D        | Killed an oklob plant annihilator
  1980 | D        | Reached XP level 12. HP: 55/64 MP: 7/17
  1985 | D        | Got a flickering ivory amulet
  1996 | D        | Identified the amulet "Qucvamoz" {Reflect rF- Int+8 SH+5}
                  | (You found it in the Dungeon)
  2172 | D        | Noticed a spriggan defender
  2172 | D        | Noticed a spriggan defender
  2174 | D        | Killed a spriggan defender
  2175 | D        | Killed a spriggan defender
  2262 | D        | Bought a potion of might for 44 gold pieces
  2267 | D        | Bought a scroll of blinking for 97 gold pieces
  2272 | D        | Bought a potion of heal wounds for 50 gold pieces
  2567 | D        | Slain by a spriggan berserker

Illustrated notes

Levels and vault maps discovered:
D:        dungeon_sprint_fedhas [sprint_temple]

Skill      XL: |  1  2  3  4  5  6  7  8  9 10 11 12 |
---------------+-------------------------------------+-----
Stealth        | 8 10 12 13 17 18 21 23 25 27 | 27.0
Fighting       | 2 3 4 5 6 8 9 |  9.3
Dodging        | 2 3 5 6 7 |  7.4
Short Blades   | 3 5 6 7 10 12 14 | 14.4
Throwing       | 3 4 5 6 |  6.9
Evocations     | 1 3 4 5 7 10 14 18 21 | 21.1
Invocations    | 2 6 8 |  8.4

Action                   |  1- 3 |  4- 6 |  7- 9 | 10-12 || total
-------------------------+-------+-------+-------+-------++-------
Melee: Dagger            |     7 |     6 |    14 |    28 ||    55
       Short sword       |       |       |       |    52 ||    52
Throw: Dart              |     1 |       |       |     6 ||     7
Invok: Shadow Step       |       |       |       |    16 ||    16
 Abil: Evoke Invisibilit |     1 |     1 |     2 |     7 ||    11
Evoke: Box of beasts     |       |       |       |     1 ||     1
  Use: Potion            |       |       |       |     3 ||     3
       Scroll            |       |       |       |     4 ||     4
 Stab: Sleeping          |     3 |     6 |    14 |    43 ||    66
Dodge: Dodged            |     1 |       |       |    12 ||    13

Table legend: (Time is in decaauts)
 A = Elapsed time spent in this place.
 B = Non-inter-level travel time spent in this place.
 C = Inter-level travel time spent in this place.
 D = Time resting spent in this place.
 E = Time spent auto-exploring this place.
 F = Levels seen in this place.
 G = Mean time per level.
                   A        B        C        D        E       F      G
               +--------+--------+--------+--------+--------+-----+--------+
         Total |   2196 |   2144 |     52 |   1502 |      0 |   1 | 2196.0 |
       Dungeon |   2196 |   2144 |     52 |   1502 |      0 |   1 | 2196.0 |
               +--------+--------+--------+--------+--------+-----+--------+

Top non-repeatable levels by time:
       D: 2196 daAuts
